AoeStats
← Blazing Cartesia, The Virtuous

Arabia

507625398Analyzed
1v1 RM · 13d ago on Sep 19, 2026· 46m 27s· 2 players
Game mode
Random Map
Map size
Tiny (2 player)
Population
200
Speed
Normal
Resources
Standard
Victory
Conquest
Starting age
Dark Age
Ending age
Imperial Age
RankedLock teamsTeams togetherTeam positionsShared explorationLock speedFull tech treeHidden civsTurbo modeCheats
Victory
Defeat
🇺🇸 Inca · United States
1147
+17
1167
-17
amaruit
7:43 Loom
11:16 Feudal Age
11:48 Double-Bit Axe
16:30 Wheelbarrow
20:40 Castle Age
19:51 Horse Collar
20:03 Stone Mining
21:37 Squires
21:40 Town Watch
22:07 Bow Saw
21:50 Gold Mining
22:02 Scale Mail Armor
22:45 Forging
24:08 Heavy Plow
27:15 Fletching
33:21 Imperial Age
31:31 Bodkin Arrow
32:51 Chain Mail Armor
33:11 Iron Casting
33:15 Masonry
33:47 Ballistics
34:21 Murder Holes
34:35 Bracer
35:43 Conscription
36:22 Plate Mail Armor
37:54 Chemistry
38:39 Blast Furnace
37:33 Champi Runner
38:00 Arson
38:21 Champi Warrior
40:07 Fabric Shields
42:00 Padded Archer Armor
43:40 Elite Champi Warrior
Blazing Cartesia, The Virtuous
6:15 Loom
9:23 Feudal Age
9:59 Double-Bit Axe
14:33 Fletching
21:23 Castle Age
19:06 Horse Collar
19:28 Gold Mining
22:22 Bow Saw
22:12 Heavy Plow
22:29 Bloodlines
24:08 Gold Shaft Mining
23:35 Stone Mining
24:46 Wheelbarrow
24:21 Husbandry
24:45 Scale Barding Armor
27:58 Hand Cart
27:44 Bodkin Arrow
29:35 Red Cliffs Tactics
37:42 Imperial Age
35:25 Masonry
36:06 Chain Barding Armor
37:00 Ballistics
38:35 Bracer
38:35 Padded Archer Armor
38:04 Man-at-Arms
38:55 Squires
41:06 Forging
41:38 Elite Fire Archer
41:46 Heavy Hei Guang Cavalry
44:56 Plate Barding Armor
45:03 Iron Casting
Connection lost

Rejoining the realm…

Still unreachable

The connection could not be restored.

Session expired

The server has moved on; the page needs a fresh start.